 Dungeon Crawl Stone Soup version 0.20-a0-738-gb057e68 (webtiles) character file.

8 Jeshaitan the Insei (level 2, -2/18 HPs)
             Began as an Octopode Transmuter on Feb 24, 2017.
             Slain by a gnoll
             ... wielding a +0 club
              (8 damage)
             ... on level 1 of the Dungeon.
             The game lasted 00:00:36 (427 turns).

Jeshaitan the Insei (Octopode Transmuter)            Turns: 427, Time: 00:00:37

Health: -2/18      AC:  1    Str:  9    XL:     2   Next: 8%
Magic:  4/5        EV: 13    Int: 15    God:
Gold:   20         SH:  0    Dex: 12    Spells: 4/5 levels left

rFire    . . .     SeeInvis .     - Unarmed
rCold    . . .     Gourm    .   (no shield)
rNeg     . . .     Faith    .   (helmet restricted)
rPois    .         Spirit   .   (no amulet)
rElec    .         Reflect  .   (no ring)
rCorr    .         Harm     .   (no ring)
MR       .....                  (no ring)
Stlth    ++........             (no ring)
Regen    0.1/turn               (no ring)
MPRegen  0.1/turn               (no ring)
                                (no ring)
                                (no ring)

@: appendage (expiring)
A: almost no armour, stealthy swim, amphibious, 8 rings, constrict 8, tentacle
spike 3, camouflage 1, gelatinous body 1
a: End Transformation


You were on level 1 of the Dungeon.
You were not hungry.
One of your tentacles had a temporary spike.
You visited 1 branch of the dungeon, and saw 1 of its levels.

You collected 20 gold pieces.

Inventory:

Missiles
 a - 12 arrows
Scrolls
 d - a scroll of identify {unknown}
 e - a scroll of teleportation {unknown}
 h - a scroll of enchant armour {unknown}
Potions
 i - a potion of haste {unknown}
Books
 b - a book of Changes

   Spells                             Type                      Level
   a - Beastly Appendage              Transmutation                1
   b - Sticks to Snakes               Transmutation                2
   c - Spider Form                    Transmutation/Poison         3
   d - Ice Form                       Ice/Transmutation            4
   e - Blade Hands                    Transmutation                5
Comestibles
 c - a bread ration
 f - a meat ration
 g - 8 chunks of flesh


   Skills:
 - Level 1.0 Fighting
 - Level 2.0 Dodging
 - Level 3.0 Unarmed Combat
 - Level 2.0 Spellcasting
 * Level 2.7 Transmutations


You had 4 spell levels left.
You knew the following spells:

 Your Spells              Type           Power        Failure   Level  Hunger
a - Beastly Appendage     Tmut           #.....       10%         1    #......


Dungeon Overview and Level Annotations

Branches:
Dungeon (1/15)

Altars:


Innate Abilities, Weirdness & Mutations

You cannot wear most types of armour.
You are very stealthy in the water. (Stealth+)
You are amphibious.
You can wear up to eight rings at the same time.
You can use your tentacles to constrict eight enemies at once.
Your skin changes colour to match your surroundings (Stealth+).
Your rubbery body absorbs attacks. (AC +1, EV +1)
One of your tentacles bears a large vicious spike.


Message History

You butcher the ball python corpse.
g - 8 chunks of flesh (gained 4)
Your tentacle spike disappears.
You now have 20 gold pieces (gained 7).
A gnoll comes into view. It is wielding a club.
A gnoll is nearby!
A gnoll is nearby!
The gnoll shouts!
Casting: Beastly Appendage
Confirm with . or Enter, or press ? or * to list all spells.
One of your tentacles grows a vicious spike.
The gnoll misses you.
You barely miss the gnoll. Your grab misses the gnoll.
Your tentacle spike misses the gnoll.
Your squeeze misses the gnoll. The gnoll hits you with a club.
You closely miss the gnoll. You grab the gnoll.
You pierce the gnoll, but do no damage.
Your transformation is almost over.
You constrict the gnoll. The gnoll hits you with a club!
You die...

#.#.#.#.#.#.#.. #############
#.#.#.#.#.#.#.. #...........#
#.#.#.#.#.#.#.. #...........#
#.#.#...#.#.###
#...........######.#.#.#.#.#....
#........................#.#####
###.................######.#
####.................(.(..(.#
...............g@....########
........####.........# ....[...#
########### ### ...[....# #..
......!.# #.# .....g..# #.#
........# #.# ........# #.#
........# #.#


You could see a gnoll.

Vanquished Creatures
  2 giant cockroaches (D:1)
  2 goblins (D:1)
  A ball python (D:1)
  A kobold (D:1)
  2 rats (D:1)
8 creatures vanquished.

Notes
Turn   | Place    | Note
-------+----------+-------------------------------------------
     0 | D:1      | Jeshaitan the Octopode Transmuter began the quest for the Orb.
     0 | D:1      | Reached XP level 1. HP: 13/13 MP: 3/3
   371 | D:1      | Reached XP level 2. HP: 9/18 MP: 3/5
   427 | D:1      | Slain by a gnoll

Vault maps used:
D:1:      dpeg_arrival_pond

Action                   || total
-------------------------++-------
Melee: Unarmed           ||    22
       Constrict         ||     5
       Tentacles         ||     3
       Kick              ||     2
 Cast: Beastly Appendage ||     4
 Stab: Sleeping          ||     1
Dodge: Dodged            ||    11
